 Dungeon Crawl Stone Soup version 0.31-a0-1074-g0b22e4e0f1 (webtiles) character file.

Game seed: 931190069786755768

1566277 Hi5aMiFi the Intangible (level 26, 211/211 HPs)
             Began as a Merfolk Ice Elementalist on Nov 30, 2023.
             Was the Champion of Ru.
             Escaped with the Orb
             ... and 3 runes on Dec 11, 2023!
             The game lasted 14:45:32 (86549 turns).

Hi5aMiFi the Intangible (Merfolk Ice Elementalist) Turns: 86549, Time: 14:45:33

Health: 211/211    AC:  8    Str: 10    XL:     26
Magic:  53/53      EV: 34    Int: 31    God:    Ru [******]
Gold:   2751       SH:  0    Dex: 21    Spells: 4/59 levels left

rFire   + . .        i - +12 quarterstaff "Beast's Bane" {drain, rPois Dex+4 Stlth+}
rCold   + . .        (shield currently unavailable)
rNeg    + + +        U - +2 robe {rC+ rF+}
rPois   +            w - +0 hat "Funumip" {rElec Int+2}
rElec   +            y - +2 cloak {Will+}
rCorr   .            J - +2 pair of gloves
SInv    +            r - +2 pair of boots {Fly}
Will    +++..        e - amulet of magic regeneration Stlth
                     I - ring "Hego" {rN+ Will+ MP+9 Int+3}
HPRegen 0.55/turn    E - ring "Seum" {rN++ Int+6 Slay+2 SInv}
MPRegen 0.73/turn

%: no passive effects
@: flying, hasted, studying Short Blades, very quick
A: clumsy 1, no stealth, cowardly, no necromancy magic, no poison magic, no
transmutations magic, reduced AC 1, inexperienced 1, (nimble swimmer 2),
mertail, no forms, sturdy frame 1
0: Orb of Zot
}: 3/15 runes: decaying, serpentine, silver
a: Renounce Religion, Draw Out Power, Power Leap, Apocalypse


You escaped.
You worshipped Ru.
Ru was exalted by your worship.
You visited 11 branches of the dungeon, and saw 51 of its levels.
You also visited: Trove, Ossuary, Gauntlet, Ice Cave and Wizlab.

You collected 6936 gold pieces.
You spent 4185 gold pieces at shops.

Inventory:

Hand Weapons
 i - the +12 quarterstaff "Beast's Bane" (weapon) {drain, rPois Dex+4 Stlth+}
   (You found it on level 1 of the Depths)

   Dex+4:     It affects your dexterity (+4).
   rPois:     It protects you from poison Stlth+: It makes you more stealthy.
 q - a +9 halberd of protection
 N - the +7 lajatang of Order {silver, rMut}
   (You found it on level 3 of the Crypt)

   rMut:      It protects you from mutation.
 S - the +7 trident of Ciba Buseyr {drain, +Blink rC+ rCorr}
   (You found it in a Gauntlet)

   rC+:       It protects you from cold.
   +Blink:    It lets you blink.
   rCorr:     It protects you from acid and corrosion.
Missiles
 h - 8 darts of dispersal
 j - 3 throwing nets
 F - 4 curare-tipped darts (quivered)
Armour
 r - a +2 pair of boots of flying (worn)
 w - the +0 hat "Funumip" (worn) {rElec Int+2}
   (You found it in a treasure trove)

   Int+2:     It affects your intelligence (+2).
   rElec:     It insulates you from electricity.
 y - a +2 cloak of willpower (worn)
 J - a +2 pair of gloves (worn)
 U - a +2 robe of resistance (worn)
 W - a +2 cloak of preservation
Jewellery
 e - an amulet of magic regeneration (around neck)
 m - the ring of Omole {rPois Str-5 Dex+5}
   (You found it on level 1 of the Snake Pit)

   [ring of poison resistance]

   Str-5:     It affects your strength (-5).
   Dex+5:     It affects your dexterity (+5).
   rPois:     It protects you from poison
 E - the ring "Seum" (right hand) {rN++ Int+6 Slay+2 SInv}
   (You found it on level 11 of the Dungeon)

   [ring of intelligence]

   Int+6:     It affects your intelligence (+6).
   Slay+2:    It affects your accuracy & damage with ranged weapons and melee
   (+2).
   rN++:      It greatly protects you from negative energy.
   SInv:      It lets you see invisible.
 H - the ring of Zoduonko {Int+5 Dex+6}
   (You took it off a hell knight on level 3 of the Depths)

   [ring of dexterity]

   Int+5:     It affects your intelligence (+5).
   Dex+6:     It affects your dexterity (+6).
 I - the ring "Hego" (left hand) {rN+ Will+ MP+9 Int+3}
   (You found it in a Gauntlet)

   [ring of positive energy]

   Int+3:     It affects your intelligence (+3).
   rN+:       It protects you from negative energy.
   Will+:     It increases your willpower.
   MP+9:      It affects your magic capacity (+9).
 K - the ring of Jaliymoq {*Corrode rF+ rC+ Will+}
   (You took it off a minotaur in a Gauntlet)

   [ring of protection from fire]

   rF+:       It protects you from fire.
   rC+:       It protects you from cold.
   Will+:     It increases your willpower.
   *Corrode:  It may corrode you when you take damage.
 L - a ring of protection from fire
 R - the ring of Free Expression {Will+ rCorr Int+2 Dex-4}
   (You found it on level 1 of the Snake Pit)

   [ring of willpower]

   Int+2:     It affects your intelligence (+2).
   Dex-4:     It affects your dexterity (-4).
   Will+:     It increases your willpower.
   rCorr:     It protects you from acid and corrosion.
 X - the amulet "Itecetuf" {rF+ Regen+ Int+5}
   (You found it on level 1 of the Snake Pit)

   [amulet of regeneration]

   Int+5:     It affects your intelligence (+5).
   rF+:       It protects you from fire.
   Regen+:    It increases your rate of health regeneration.
Wands
 o - a wand of quicksilver (12)
 p - a wand of paralysis (56)
 x - a wand of roots (35)
 P - a wand of digging (5)
Scrolls
 d - 13 scrolls of teleportation
 k - 9 scrolls of fear
 n - 9 scrolls of poison
 s - 2 scrolls of summoning
 t - 9 scrolls of vulnerability
 z - 2 scrolls of immolation
 A - 14 scrolls of fog
 D - 5 scrolls of blinking
 M - 4 scrolls of silence
Potions
 a - 13 potions of invisibility
 b - 3 potions of magic
 c - 6 potions of ambrosia
 f - 3 potions of resistance
 g - 6 potions of haste
 l - 12 potions of brilliance
 v - 4 potions of cancellation
 B - 11 potions of attraction
 C - 12 potions of heal wounds
 O - 23 potions of curing
 Q - 9 potions of might
 T - 6 potions of enlightenment
 V - 9 potions of mutation
Miscellaneous
 G - a phial of floods
 Y - a phantom mirror
 Z - a sack of spiders


   Skills:
 * Level 18.2 Fighting
 - Level 14.5 Polearms
 O Level 27 Dodging
 - Level 5.0 Shields
 - Level 17.0 Spellcasting
 - Level 17.0 Hexes
 O Level 27 Summonings
 - Level 11.0 Translocations
 - Level 10.0 Ice Magic
 - Level 6.3 Air Magic
 + Level 14.0 Evocations


You had 4 spell levels left.
You knew the following spells:

 Your Spells              Type           Power      Damage    Failure   Level
a - Apportation           Tloc           100%       N/A       1%          1
b - Summon Mana Viper     Hex/Summ       100%       N/A       0%          5
c - Summon Small Mammal   Summ           100%       N/A       0%          1
d - Malign Gateway        Summ/Tloc      48%        N/A       1%          7
e - Enfeeble              Hex            46%        N/A       1%          7
f - Summon Hydra          Summ           57%        N/A       1%          7
g - Summon Horrible Thin  Summ           57%        N/A       1%          8
h - Summon Forest         Summ/Tloc      48%        N/A       1%          5
i - Blink                 Tloc           100%       N/A       1%          2
j - Swiftness             Air            60%        N/A       1%          3
k - Dragon's Call         Summ           57%        N/A       2%          9

Your spell library contained the following spells:

 Spells                   Type           Power      Damage    Failure   Level
 Ensorcelled Hibernation  Hex/Ice        100%       N/A       0%          2
 Jinxbite                 Hex            100%       N/A       0%          2
 Call Canine Familiar     Summ           100%       N/A       0%          3
 Confusing Touch          Hex            93%        N/A       0%          3
 Summon Guardian Golem    Hex/Summ       100%       N/A       0%          3
 Cause Fear               Hex            46%        N/A       0%          4
 Summon Ice Beast         Ice/Summ       96%        N/A       0%          4
 Foxfire                  Conj/Fire      100%       2x1d9     1%          1
 Freeze                   Ice            100%       1d10      1%          1
 Magic Dart               Conj           100%       1d8       1%          1
 Sandblast                Erth           52%        2d12      1%          1
 Shock                    Conj/Air       100%       1d9       1%          1
 Lesser Beckoning         Tloc           100%       N/A       1%          2
 Momentum Strike          Conj/Tloc      100%       3d10      1%          2
 Static Discharge         Conj/Air       90%        3-7/arc   1%          2
 Dazzling Flash           Conj/Hex       100%       N/A       1%          3
 Frozen Ramparts          Ice            100%       1d16      1%          3
 Gell's Gravitas          Tloc           76%        N/A       1%          3
 Hailstorm                Conj/Ice       55%        3d12      1%          3
 Inner Flame              Hex/Fire       68%        N/A       1%          3
 Ozocubu's Armour         Ice            73%        N/A       1%          3
 Teleport Other           Tloc           76%        N/A       1%          3
 Volatile Blastmotes      Fire/Tloc      100%       2d18      1%          3
 Airstrike                Air            30%        2d(5-21)  1%          4
 Animate Armour           Summ/Erth      100%       N/A       1%          4
 Dimensional Bullseye     Hex/Tloc       42%        N/A       1%          4
 Fulminant Prism          Conj/Hex       34%        3d16      1%          4
 Leda's Liquefaction      Hex/Erth       34%        N/A       1%          4
 Manifold Assault         Tloc           76%        N/A       1%          4
 Passage of Golubria      Tloc           76%        N/A       1%          4
 Summon Lightning Spire   Summ/Air       92%        N/A       1%          4
 Vhi's Electric Charge    Tloc/Air       100%       N/A       1%          4
 Scorch                   Fire           52%        2d7       2%          2
 Searing Ray              Conj           52%        2d6       2%          2
 Stone Arrow              Conj/Erth      52%        3d10      4%          3
 Brom's Barrelling Bould  Conj/Erth      26%        2d5       16%         4
 Flame Wave               Conj/Fire      26%        2d8       16%         4
 Sticky Flame             Conj/Fire      26%        2d5       16%         4
 Summon Cactus Giant      Summ           57%        N/A       0%          6
 Metabolic Englaciation   Hex/Ice        41%        N/A       1%          5
 Silence                  Hex/Air        39%        N/A       1%          5
 Spellforged Servitor     Conj/Summ      41%        N/A       5%          7
 Arcjolt                  Conj/Air       22%        1d32      12%         5
 Iskenderun's Battlesphe  Conj           26%        2d8       41%         5
 Lee's Rapid Deconstruct  Erth           13%        3d9*      41%         5
 Conjure Ball Lightning   Conj/Air       22%        3x3d6     56%         6
 Plasma Beam              Fire/Air       22%        2x1d34    56%         6
 Bombard                  Conj/Erth      13%        9d3       94%         6
 Starburst                Conj/Fire      13%        6d5       94%         6
 Orb of Destruction       Conj           13%        9d7       100%        7
 Ignition                 Fire           13%        3d6       100%        8
 Lehudib's Crystal Spear  Conj/Erth      13%        10d4      100%        8
 Maxwell's Capacitive Co  Air            30%        ∞         100%        8
 Kiss of Death            Conj/Necr      Unusable   2d13      N/A         1
 Cigotuvi's Dreadful Rot  Necr/Pois/Air  Unusable   N/A       N/A         2
 Mephitic Cloud           Conj/Pois/Air  Unusable   N/A       N/A         3
 Anguish                  Hex/Necr       Unusable   N/A       N/A         4
 Passwall                 Tmut/Erth      Unusable   N/A       N/A         2
 Sublimation of Blood     Necr           Unusable   N/A       N/A         2
 Wereblood                Tmut           Unusable   N/A       N/A         2
 Ignite Poison            Fire/Tmut/Pois Unusable   N/A       N/A         3
 Animate Dead             Necr           Unusable   N/A       N/A         4
 Dispel Undead            Necr           Unusable   3d13      N/A         4
 Petrify                  Tmut/Erth      Unusable   N/A       N/A         4
 Haunt                    Necr/Summ      Unusable   N/A       N/A         7
 Simulacrum               Ice/Necr       Unusable   N/A       N/A         6
 Alistair's Intoxication  Tmut/Pois      Unusable   N/A       N/A         5
 Infestation              Necr           Unusable   N/A       N/A         8

Dungeon Overview and Level Annotations

Branches:
Dungeon (15/15)            Temple (1/1) D:4            Lair (5/5) D:9
  Swamp (4/4) Lair:2        Snake (4/4) Lair:3        Slime (0/5) Lair:5
    Orc (2/2) D:11            Elf (3/3) Orc:2        Vaults (5/5) D:13
  Crypt (3/3) Vaults:2       Tomb (0/3) Crypt:3      Depths (4/4) D:15
    Zot (5/5) Depths:4    Ossuary (visited)           IceCv (visited)
 WizLab (visited)         Gauntlet (visited)

Altars:
Ashenzari
Cheibriados
Dithmenos
Elyvilon
Fedhas
Gozag
Hepliaklqana
Kikubaaqudgha
Makhleb
Nemelex Xobeh
Okawaru
Qazlal
Ru
Sif Muna
Trog
Uskayaw
Vehumet
Wu Jian
Xom
Yredelemnul
Zin
The Shining One

Shops:
D:3 [   D:4 :   Orc:2 *[(*   Elf:1 :   Elf:2 [   Snake:4 :=:   Vaults:3 *:!
Vaults:4 (*!!*   Vaults:5 !!   Depths:1 :

Portals:
Hell: Depths:1 Depths:2 Depths:3 Depths:4
Abyss: Depths:3 Depths:4
Pandemonium: Depths:2
Ziggurat: Depths:2


Innate Abilities, Weirdness & Mutations

You are clumsy. (Dex -2)
You cannot be stealthy.
Your cowardice makes you less effective in combat with threatening foes.
You cannot study or cast Necromancy magic.
You cannot study or cast Poison magic.
You cannot study or cast Transmutations magic.
You take slightly more damage. (AC -5)
You are somewhat inexperienced. (-1 XL)
((You are very nimble when in or above water. (Stealth+, EV+, Speed+++)))
Your lower body shifts to a powerful aquatic tail in water.
You cannot voluntarily change form.
Your movements are slightly less encumbered by armour. (ER -2)


Message History

There is a stone staircase leading up here.
You see here a +0 robe.
You fly upwards.
There is a stone staircase leading down here.
There is an open door here.
There is a stone staircase leading up here.
You fly upwards.
There is a stone staircase leading down here.
Unknown command.
Unknown command.
Unknown command.
Unknown command.
Unknown command.
You feel yourself speed up.
Aiming: Dig
Press: ? - help, Shift-Dir - straight line A rock wall.
This square is covered in magical glow.
The rock shatters into small pieces.
Aiming: Dig
Press: ? - help, Shift-Dir - straight line A rock wall.
This square is covered in magical glow.
The rock shatters into small pieces.
Unknown command.
Unknown command.
Blink to where?
Press: ? - help, Dir - move target
As you read the scroll of blinking, it crumbles to dust.
You fly upwards.
There is a stone staircase leading down here.
Aiming: Dig
Press: ? - help, Shift-Dir - straight line A rock wall.
This square is covered in magical glow.
The rock shatters into small pieces.
Blink to where?
Press: ? - help, Dir - move target
As you read the scroll of blinking, it crumbles to dust.
You have escaped!

.###...#...######....##
.....########...####..# .#####
##.......##.#
.##########.........#.##########
.........##..##.....#§>.....)..#
.#######.#..####...#.#.#######.#
.# #.#..# ##....##.# #.# .#
#.#..# #....# #.# #.# .#
#.#.####.@.# #.# #.# .#
#.#...#....# #.# #.# .#
#.##......## #.# #.# .#
#.##.....## #.# #.# .#
#.##....## #.# #.# .# #.###...##
#.# #.# .# #.# #.#..## #.# #.#
.# #.# #.#...# #.# #.# .# #.#
#..#..# #.# #.#


There were no monsters in sight!

Vanquished Creatures
  A dread lich (Crypt:3)
  Mara (Vaults:5)
  2 Killer Klowns (Zot:5)
  A curse toe (Zot:1)
  4 caustic shrikes (Depths:4)
  A tentacled monstrosity (Zot:3)
  Rupert (D:15)
  A titan (Vaults:5)
  A deep elf master archer (Elf:3)
  A quicksilver dragon (Vaults:5)
  2 ancient champions (Crypt:3)
  An eldritch tentacle (Crypt:3)
  Gastronok (Lair:1)
  A thorn hunter (Swamp:2)
  A death cob (Zot:3)
  A tengu reaver (Vaults:5)
  3 storm dragons
  A frost giant (Depths:3)
  A vault warden (Vaults:3)
  A deep elf elementalist (Elf:3)
  A demonspawn corrupter (WizLab)
  3 deep elf sorcerers
  2 curse skulls (Crypt:1)
  A draconian shifter (Zot:3)
  3 ironbound preservers
  3 stone giants
  A war gargoyle (Vaults:2)
  A very ugly thing (Swamp:4)
  A deep elf demonologist (Elf:3)
  A demonspawn black sun (Zot:1)
  A dire elephant (Vaults:1)
  2 deep elf annihilators
  A white draconian (Zot:3)
  2 yellow draconians
  3 jiangshi
  A merfolk javelineer (WizLab)
  3 ettins (Vaults:2)
  4 deep elf high priests
  A crystal guardian (Vaults:4)
  2 yaktaur captains (Vaults:2)
  3 great orbs of eyes
  An entropy weaver (Vaults:4)
  3 vault guards
  A peacekeeper (Vaults:4)
  An ogre mage (Depths:2)
  3 ghost crabs
  A hydra (Swamp:4)
  3 anacondas
  A merfolk aquamancer (D:13)
  A deep troll shaman (Depths:2)
  2 alligators (Swamp:3)
  5 ironbound frosthearts
  A centaur warrior (D:13)
  2 dancing weapons
  3 death yaks (Lair:5)
  3 boulder beetles
  A deep troll earth mage (Depths:4)
  3 naga warriors
  A thrashing horror (Swamp:4)
  A tengu warrior (Depths:4)
  2 vampire magi (Crypt:2)
  A skyshark (Vaults:1)
  2 shock serpents
  2 shadow wraiths
  A goliath frog (Swamp:3)
  9 skeletal warriors (Crypt:3)
  Amaemon (D:9)
  12 deep trolls
  A deep troll (shapeshifter) (D:15)
  A deep elf archer (Elf:3)
  A phantasmal warrior (Vaults:2)
  An ironbound convoker (Vaults:3)
  An anaconda skeleton (Crypt:3)
  A tengu zombie (Vaults:4)
  3 orc knights
  4 lindwurms
  A manticore (D:15)
  A salamander (Snake:2)
  A deep elf zephyrmancer (Elf:2)
  7 deep elf pyromancers
  An orc sorcerer (Elf:3)
  2 cyclopes (D:15)
  5 ugly things
  A worldbinder (WizLab)
  5 moths of wrath
  4 elephants
  5 black mambas
  A guardian serpent (Snake:4)
  A centaur zombie (D:14)
  3 vault sentinels
  Joseph (D:7)
  A shock serpent skeleton (Crypt:1)
  An unseen horror (Depths:3)
  A water nymph (D:13)
  A cane toad (Lair:4)
  A centaur skeleton (Crypt:3)
  A komodo dragon (Lair:3)
  A freezing wraith (Vaults:5)
  A tengu conjurer (Depths:4)
  7 yaktaurs
  A spectral harpy (Crypt:2)
  A hornet (Swamp:1)
  A harpy skeleton (Crypt:3)
  2 tyrant leeches
  2 blink frogs
  An ettin skeleton (Crypt:3)
  4 flying skulls
  6 slime creatures
  3 water elementals
  A shadow (Swamp:4)
  A wraith (D:14)
  A human (D:13)
  4 yaks
  A hog (Snake:2)
  4 golden eyes (WizLab)
  A basilisk (D:13)
  2 nagas
  3 swamp worms
  An acid dragon (D:7)
  A fire bat skeleton (Crypt:3)
  10 orc warriors
  5 water moccasins
  2 black bears
  6 wolves
  2 centaurs
  A boggart (WizLab)
  An ogre (Orc:1)
  A rime drake zombie (Crypt:2)
  2 kobold brigands (D:9)
  4 nameless horrors
  4 bullfrogs
  4 wights
  A hornet simulacrum (D:15)
  12 killer bees
  3 howler monkeys
  2 electric eels (D:13)
  2 hounds
  A quasit (D:11)
  A jelly (D:8)
  2 orc priests (Orc:2)
  A gnoll bouda (D:5)
  A sleepcap (D:4)
  2 iguanas (D:6)
  2 orc wizards
  8 gnolls
  3 adders
  An ufetubus (D:5)
  4 worms
  2 dart slugs
  32 orcs
  4 bats
  A bat zombie (Crypt:2)
  4 endoplasms
  3 giant cockroaches
  4 hobgoblins
  8 jackals
  16 kobolds
  3 quokkas
  3 ball pythons
  2 frilled lizards
  8 goblins
  A goblin skeleton (Crypt:2)
  5 rats
  A butterfly (Zot:2)
427 creatures vanquished.

Vanquished Creatures (collateral kills)
  A dread lich (Zot:5)
  5 orbs of fire
  2 ancient liches
  2 juggernauts
  Vashnia (Snake:2)
  11 Killer Klowns
  Boris (thrice) (Vaults:3 Crypt:1 Depths:2)
  Xtahua (Crypt:2)
  Bai Suzhen (Depths:1)
  3 caustic shrikes (Depths:4)
  5 golden dragons
  Nikola (Swamp:3)
  Norris (Vaults:1)
  The ghost of Waukhla the Imperceptible, a veteran KoBr of Wu Jian (Crypt:2)
  3 bone dragons (Crypt:3)
  Jory (Crypt:1)
  Zenata (Vaults:4)
  2 electric golems (Zot:5)
  A shard shrike zombie (Crypt:3)
  Jorgrun (Swamp:1)
  17 tentacled monstrosities
  27 Orb Guardians
  2 deep elf blademasters (Elf:3)
  5 liches
  An acid blob (WizLab)
  6 sphinxes
  8 quicksilver dragons
  7 titans
  A deep elf master archer (Elf:3)
  4 ancient champions (Crypt:3)
  Frances (D:14)
  8 eldritch tentacles
  6 shadow dragons
  Aizul (Snake:2)
  3 death cobs
  The ghost of kaesle the Severer, an adept HOFi of Yredelemnul (Swamp:3)
  2 thorn hunters
  Kirke (Snake:2)
  13 storm dragons
  13 nagarajas
  8 tengu reavers
  A fenstrider witch (Swamp:4)
  Donald (Swamp:2)
  5 draconian monks
  4 draconian knights
  5 revenants
  A daeva (Depths:2)
  5 deep elf sorcerers
  2 frost giants
  6 fire giants
  A balrug (Depths:2)
  Louise (D:14)
  7 draconian scorchers
  A deep elf elementalist (Elf:3)
  13 vault wardens
  An iron dragon (Depths:3)
  5 draconian shifters
  A caustic shrike zombie (Crypt:3)
  3 ghouls
  16 ironbound preservers
  2 draconian stormcallers
  The ghost of xnavy the Thaumaturge, an adept DjAE of Makhleb (D:15)
  6 very ugly things
  9 stone giants
  6 angels
  A war gargoyle (Vaults:5)
  6 draconian annihilators
  3 orc warlords
  2 spriggan defenders (Depths:3)
  8 ironbound thunderhulks
  3 formless jellyfish (Vaults:3)
  3 demonspawn corrupters (WizLab)
  A juggernaut skeleton (Crypt:3)
  The ghost of Zupieh the Severer, a journeyman HuFi of Hepliaklqana (Lair:5)
  7 vampire knights
  9 red draconians
  11 black draconians
  11 yellow draconians
  9 deep elf demonologists
  5 eleionomae
  14 white draconians
  2 spark wasps (Depths:3)
  5 dire elephants (Vaults:3)
  10 green draconians
  26 purple draconians
  4 deep elf annihilators
  3 eidola
  A minotaur (Gauntlet)
  11 deep elf death magi
  6 bunyips
  A mummy priest (Crypt:3)
  2 blizzard demons
  7 jiangshi
  2 green deaths (Swamp:4)
  8 fire dragons
  3 entropy weavers
  An entropy weaver (shapeshifter) (Vaults:5)
  19 ettins
  The ghost of kd29 the Mimic, a journeyman OpSh of Ru (D:11)
  8 deep elf high priests
  A merfolk impaler (Depths:3)
  14 great orbs of eyes
  15 yaktaur captains
  3 salamander tyrants
  32 vault guards
  6 ice dragons
  9 rakshasas
  An ice dragon (shapeshifter) (WizLab)
  A spectral spriggan (Crypt:2)
  Erolcha (D:9)
  10 hydras
  3 alligators (Swamp:3)
  A spectral shadow dragon (Crypt:2)
  2 spriggan skeletons (Crypt:3)
  A fenstrider witch skeleton (Crypt:3)
  2 spriggan air magi
  2 ghost crabs (Swamp:4)
  The ghost of lunkers the Black Belt, a journeyman MeSh of Gozag (D:12)
  3 ogre magi
  2 hell beasts
  7 ironbound frosthearts
  A radroach (shapeshifter) (Vaults:5)
  An Orb Guardian zombie (Crypt:2)
  3 catoblepae (Lair:5)
  2 merfolk aquamancers
  Erica (D:9)
  14 anacondas
  2 juggernaut simulacra (Crypt:2)
  10 two-headed ogres
  2 death knights
  11 death yaks (Lair:5)
  A two-headed ogre (shapeshifter) (Depths:4)
  7 deep troll shamans
  4 centaur warriors
  A bennu skeleton (Crypt:1)
  4 deep troll earth magi
  2 vampire magi
  4 tengu warriors
  13 naga warriors
  10 occultists
  A spectral dire elephant (Crypt:2)
  A spriggan berserker (Depths:3)
  22 dancing weapons
  4 orc high priests (Orc:2)
  7 shock serpents
  Urug (D:11)
  4 soul eaters
  13 naga sharpshooters
  3 spectral nagas (Crypt:2)
  16 hell knights
  Nergalle (Lair:1)
  6 iron trolls
  2 sun demons (Depths:2)
  3 shadow wraiths
  14 deep elf knights
  54 skeletal warriors
  5 sea snakes (Snake:2)
  A sixfirhy (Zot:2)
  A skyshark (Vaults:1)
  7 spriggan druids
  7 swamp dragons (Swamp:4)
  4 goliath frogs
  5 salamander mystics
  A bunyip zombie (Crypt:1)
  5 naga ritualists
  A glowing orange brain (shapeshifter) (Vaults:5)
  10 bog bodies
  43 deep trolls
  A sea snake (shapeshifter) (Vaults:3)
  A spriggan simulacrum (Crypt:3)
  3 glowing orange brains
  3 flayed ghosts
  7 orc knights
  An anaconda skeleton (Crypt:3)
  11 deep elf archers
  A golden dragon skeleton (Crypt:3)
  12 necromancers
  5 arcanists
  A bunyip skeleton (Crypt:3)
  7 lindwurms
  4 phantasmal warriors
  11 ironbound convokers
  6 orc sorcerers
  30 deep elf pyromancers
  A nameless horror (Vaults:5)
  8 mana vipers
  10 cyclopes
  The ghost of Cobbler the Insei, a novice DsMo (D:6)
  15 ugly things
  An eleionoma zombie (Crypt:2)
  An oklob plant (D:12)
  15 deep elf zephyrmancers
  A glowing shapeshifter (Depths:3)
  24 moths of wrath
  7 elephants
  A stone giant skeleton (Vaults:4)
  A manticore (shapeshifter) (Zot:2)
  A shining eye (shapeshifter) (Vaults:5)
  A worldbinder (WizLab)
  An elephant (shapeshifter) (WizLab)
  7 manticores
  8 guardian serpents
  2 will-o-the-wisps (Swamp:1)
  A cyclops (shapeshifter) (Vaults:5)
  9 large abominations
  Maurice (D:7)
  4 centaur zombies
  25 salamanders
  A rust devil (Zot:1)
  11 vault sentinels
  2 black mambas (shapeshifter)
  21 black mambas
  2 ice statues (IceCv)
  21 naga magi
  A human skeleton (Vaults:4)
  A gargoyle (D:13)
  A torpor snail (Lair:5)
  4 orange demons
  A smoke demon (Depths:2)
  A dire elephant skeleton (Crypt:3)
  A storm dragon simulacrum (Crypt:2)
  A naga skeleton (Crypt:3)
  4 centaur skeletons
  3 alligator snapping turtle skeletons (Crypt:3)
  4 rime drakes
  9 cane toads
  A spectral skyshark (Lair:2)
  4 unseen horrors
  21 yaktaurs
  5 komodo dragons
  A tormentor (Depths:2)
  2 tengu conjurers
  5 freezing wraiths
  6 guardian mummies (Crypt:3)
  9 trolls
  A yellow draconian skeleton (Crypt:3)
  2 polar bears
  A spectral harpy (Crypt:2)
  7 hornets
  A queen bee (Lair:1)
  11 tyrant leeches
  A tarantella (shapeshifter) (Elf:3)
  A glass eye (Depths:2)
  A harpy zombie (Crypt:3)
  17 blink frogs
  An ettin zombie (Vaults:4)
  An ice dragon skeleton (Crypt:3)
  A spectral black mamba (Lair:2)
  12 water elementals
  10 flying skulls
  A jumping spider (Vaults:4)
  10 spriggans
  10 slime creatures
  5 wyverns
  2 air elementals
  2 hogs (Snake:2)
  3 vampires (D:14)
  A slime creature zombie (Crypt:3)
  3 shadows
  44 yaks
  An ettin skeleton (Crypt:3)
  A fire elemental (Elf:1)
  A wraith (D:9)
  A black mamba skeleton (Crypt:3)
  3 basilisks
  A death yak simulacrum (IceCv)
  A golden eye (WizLab)
  7 humans (D:13)
  11 vampire mosquitoes
  2 steam dragons
  6 redbacks
  Grum (Lair:1)
  2 chaos spawn (Depths:3)
  3 neqoxecs
  A warg (Orc:2)
  12 swamp worms
  49 nagas
  A glowing shapeshifter zombie (Crypt:2)
  Duvessa (D:7)
  15 water moccasins
  An acid dragon (D:11)
  A spectral yak (Lair:2)
  2 ice beasts
  A water nymph skeleton (Crypt:1)
  45 orc warriors
  A swamp dragon zombie (Crypt:3)
  2 swamp drakes
  A sky beast (D:7)
  A two-headed ogre skeleton (Crypt:3)
  A cane toad skeleton (Crypt:3)
  A hornet zombie (D:14)
  An ettin simulacrum (Crypt:2)
  13 ogres
  A snapping turtle skeleton (Crypt:1)
  A boggart (Depths:2)
  12 wolves
  2 phantoms (D:7)
  2 centaurs
  2 lemures (D:8)
  A rime drake skeleton (Crypt:2)
  3 kobold brigands
  6 bullfrogs
  A gnoll sergeant (D:7)
  A necrophage (Crypt:1)
  4 earth elementals
  3 small abominations (Depths:3)
  A komodo dragon skeleton (Crypt:1)
  2 scorpions
  A wyvern zombie (Crypt:1)
  10 wights
  A troll zombie (Crypt:1)
  Dowan (D:7)
  15 killer bees (Lair:1)
  2 howler monkeys (D:7)
  3 quasits (D:11)
  2 hounds (D:7)
  A jelly (D:6)
  30 orc priests
  2 iguanas (D:7)
  A boggart zombie (D:14)
  14 orc wizards
  A polar bear simulacrum (IceCv)
  A wolf simulacrum (IceCv)
  3 centaur simulacra
  An ogre skeleton (Crypt:1)
  8 gnolls
  3 white imps (D:6)
  A howler monkey simulacrum (D:6)
  3 ufetubi
  68 orcs
  10 kobolds
  A goblin zombie (Crypt:3)
1909 creatures vanquished.

Vanquished Creatures (others)
  Boris (Crypt:2)
  A Killer Klown (Zot:5)
  An Orb Guardian (Zot:5)
  108 eldritch tentacles
  A nagaraja (Snake:2)
  A draconian knight (Zot:1)
  An eleionoma (Swamp:1)
  The ghost of Columug the Carver, a journeyman FoFi of Makhleb (Orc:1)
  A purple draconian (Zot:4)
  A deep elf annihilator (Elf:2)
  A hydra (Lair:3)
  An alligator (Swamp:2)
  A naga warrior (Snake:4)
  A two-headed ogre (Orc:2)
  A nameless horror (Zot:5)
  An occultist (WizLab)
  2 skysharks
  A deep troll (Vaults:2)
  Pikel (D:8)
  A deep elf pyromancer (Elf:3)
  A manticore (Lair:5)
  An orc knight (Vaults:3)
  An ugly thing (D:11)
  A worldbinder (WizLab)
  2 elephants (Lair:5)
  2 moths of wrath
  Maggie (D:8)
  3 rime drakes
  Jeremiah (D:8)
  A komodo dragon (shapeshifter) (D:13)
  A komodo dragon (Lair:3)
  2 yaktaurs
  A troll (Orc:1)
  A hornet (D:8)
  A blink frog (Lair:4)
  A spriggan (Depths:3)
  A vampire (D:11)
  10 yaks
  A hog (Snake:2)
  3 humans
  2 nagas
  A swamp worm (Swamp:4)
  An orc warrior (Orc:1)
  An ice beast (D:6)
  5 wolves
  A gnoll sergeant (Orc:1)
  6 wights (D:9)
  A hornet simulacrum (D:6)
  3 killer bees (D:8)
  An orc wizard (Orc:2)
  An orc (Orc:1)
  63 snaplasher vines
250 creatures vanquished.

Grand Total: 2586 creatures vanquished

Notes
Turn   | Place    | Note
-------+----------+-------------------------------------------
     0 | D:1      | Hi5aMiFi the Merfolk Ice Elementalist began the quest for
                  | the Orb.
     0 | D:1      | Reached XP level 1. HP: 13/13 MP: 3/3
   287 | D:1      | Reached XP level 2. HP: 19/19 MP: 5/5
   945 | D:1      | Reached skill level 5 in Ice Magic
  1197 | D:2      | Reached XP level 3. HP: 24/24 MP: 6/6
  1207 | D:2      | Learned a level 3 spell: Frozen Ramparts
  1295 | D:2      | Found a faded altar of an unknown god.
  1779 | D:2      | Learned a level 1 spell: Summon Small Mammal
  2387 | D:3      | Found Ruegub's Armour Shop.
  2390 | D:3      | Bought a +0 cloak for 58 gold pieces
  2527 | D:3      | Reached skill level 1 in Summonings
  2527 | D:3      | Reached XP level 4. HP: 30/30 MP: 4/8
  2903 | D:3      | Found a bloodstained altar of Trog.
  3225 | D:4      | Found a staircase to the Ecumenical Temple.
  3375 | D:4      | Found a sand-covered staircase.
  3386 | Ossuary  | Entered an ossuary
  3470 | Ossuary  | Learned a level 3 spell: Ozocubu's Armour
  3506 | D:4      | Reached XP level 5. HP: 35/35 MP: 3/9
  3892 | D:4      | Found Kaepter's Book Emporium.
  3910 | D:4      | Reached skill level 1 in Polearms
  4346 | D:5      | Entered Level 5 of the Dungeon
  4510 | D:5      | Found an ancient bone altar of Kikubaaqudgha.
  4572 | D:5      | Found a radiant altar of Vehumet.
  4653 | D:5      | Found a hide-covered altar of Uskayaw.
  4698 | D:5      | Reached XP level 6. HP: 41/41 MP: 7/10
  4711 | D:5      | Learned a level 3 spell: Call Canine Familiar
  4853 | D:5      | Identified the +1 robe of Conscience {rF+ rC+ Will- Dex+2}
  4988 | D:5      | Found a shadowy altar of Dithmenos.
  4988 | D:5      | Found an iron altar of Okawaru.
  5244 | D:5      | Found a basalt altar of Yredelemnul.
  5330 | D:6      | Found a runed translucent gate.
  5333 | D:6      | Found a runed translucent gate.
  5334 | D:6      | Found a runed translucent gate.
  5467 | D:6      | Noticed a water moccasin
  5473 | D:6      | Killed a water moccasin
  5503 | D:6      | Reached XP level 7. HP: 46/46 MP: 8/11
  5844 | D:6      | Noticed Cobbler's ghost (novice DsMo)
  5856 | D:6      | Reached skill level 5 in Summonings
  6096 | D:6      | Noticed a yak
  6096 | D:6      | Noticed a yak
  6096 | D:6      | Noticed a yak
  6253 | Temple   | Entered the Ecumenical Temple
  6287 | Temple   | Became a worshipper of Ru the Awakened
  6370 | D:4      | Found a glowing golden altar of the Shining One.
  6789 | D:4      | Reached XP level 8. HP: 52/52 MP: 7/12
  7857 | D:7      | Noticed Duvessa
  8085 | D:7      | Noticed a wyvern
  8133 | D:7      | Noticed Dowan
  8135 | D:7      | Killed Duvessa
  8136 | D:7      | Killed Dowan
  8145 | D:7      | Killed a wyvern
  8158 | D:7      | Reached XP level 9. HP: 54/57 MP: 14/14
  8313 | D:6      | Learned a level 4 spell: Summon Ice Beast
  8607 | D:7      | Reached skill level 10 in Ice Magic
  8734 | D:7      | Noticed Maurice
  8744 | D:7      | Something stole 6 curare-tipped darts
  8830 | D:7      | Something stole 208 gold
  8834 | D:7      | Gained mutation: Your movements are slightly less
                  | encumbered by armour. (ER -2) [potion of mutation]
  8834 | D:7      | Gained mutation: You are agile. (Dex +4, Str/Int -1)
                  | [potion of mutation]
  9041 | D:8      | Reached skill level 5 in Spellcasting
  9041 | D:8      | Reached skill level 1 in Hexes
  9195 | D:8      | Learned a level 3 spell: Summon Guardian Golem
  9280 | D:8      | Noticed Maggie
  9432 | D:8      | Reached skill level 5 in Hexes
  9432 | D:8      | Reached XP level 10. HP: 64/64 MP: 13/17
  9436 | D:8      | Reached skill level 1 in Fighting
  9622 | D:8      | Noticed Pikel
  9645 | D:8      | Killed Pikel
  9646 | D:8      | Reached skill level 5 in Dodging
  9853 | D:8      | Noticed Jeremiah
  9913 | D:8      | Killed Jeremiah
  9973 | D:8      | Lost mutation: You are agile. (Dex +4, Str/Int -1) [Ru
                  | sacrifice]
  9973 | D:8      | Gained mutation: You are clumsy. (Dex -2) [Ru sacrifice]
  9973 | D:8      | Reached * piety under Ru
  9978 | D:8      | Found a blossoming altar of Fedhas.
 10167 | D:8      | Noticed a two-headed ogre
 10541 | D:7      | Killed Maurice
 10542 | D:7      | Reached skill level 5 in Fighting
 10787 | D:7      | Found a hazy altar of Hepliaklqana.
 11086 | D:7      | Noticed Joseph
 11098 | D:7      | Killed Joseph
 11542 | D:7      | Noticed a cyclops
 11584 | D:7      | Killed an unseen horror
 11585 | D:7      | Reached XP level 11. HP: 56/79 MP: 18/18
 11753 | D:6      | Reached skill level 10 in Dodging
 11765 | D:6      | Killed Cobbler's ghost
 11908 | D:6      | Got the ring "Jirghip" {Fire Int+4}
 11989 | D:4      | Bought a book of the Wilderness for 418 gold pieces
 12221 | D:8      | Killed a two-headed ogre
 12278 | D:8      | Killed Maggie
 12567 | D:9      | Found an ornate altar of the Wu Jian Council.
 12746 | D:9      | Noticed Amaemon
 12761 | D:9      | Noticed a two-headed ogre
 12764 | D:9      | Found a shimmering altar of Xom.
 12777 | D:9      | Killed Amaemon
 12778 | D:9      | Reached skill level 10 in Summonings
 12792 | D:9      | Killed a two-headed ogre
 13584 | D:9      | Found a staircase to the Lair.
 13597 | D:9      | Noticed Erica
 13605 | D:9      | Killed Erica
 13606 | D:9      | Reached skill level 5 in Polearms
 13830 | D:7      | Killed a cyclops
 13924 | D:7      | Identified the +3 short sword of a bailey {speed, rC+ rN+}
 14202 | D:10     | Entered Level 10 of the Dungeon
 14251 | D:10     | Noticed a two-headed ogre
 14260 | D:10     | Killed a two-headed ogre
 14261 | D:10     | Reached skill level 1 in Evocations
 14261 | D:10     | Reached XP level 12. HP: 86/86 MP: 18/21
 14736 | D:9      | Noticed Erolcha
 14839 | Lair:1   | Entered Level 1 of the Lair of Beasts
 15029 | Lair:1   | Noticed Grum
 15040 | Lair:1   | Killed Grum
 15296 | Lair:1   | Noticed Nergalle
 15366 | Lair:1   | Noticed Gastronok
 15378 | Lair:1   | Killed Gastronok
 16235 | Lair:2   | Found a hide-covered altar of Uskayaw.
 16235 | Lair:2   | Noticed a boulder beetle
 16236 | Lair:2   | Found an ornate altar of the Wu Jian Council.
 16248 | Lair:2   | Killed a boulder beetle
 16256 | Lair:2   | Learned a level 6 spell: Summon Cactus Giant
 16328 | Lair:2   | Identified the +8 sling of Uselud {flame, rN+ Str+3}
 16481 | Lair:2   | Gained mutation: You cannot study or cast Poison magic. [Ru
                  | sacrifice]
 16481 | Lair:2   | Gained mutation: You cannot study or cast Transmutations
                  | magic. [Ru sacrifice]
 16481 | Lair:2   | Gained mutation: You cannot study or cast Necromancy magic.
                  | [Ru sacrifice]
 16481 | Lair:2   | Reached ** piety under Ru
 16826 | Lair:2   | Reached skill level 5 in Evocations
 16830 | Lair:2   | Reached XP level 13. HP: 91/91 MP: 19/22
 17284 | Lair:2   | Found a staircase to the Swamp.
 17726 | Lair:3   | Reached skill level 10 in Polearms
 18480 | Lair:3   | Found a staircase to the Snake Pit.
 19070 | Lair:4   | Reached skill level 15 in Summonings
 19213 | Lair:4   | Gained mutation: You take slightly more damage. (AC -5) [Ru
                  | sacrifice]
 19213 | Lair:4   | Reached *** piety under Ru
 19471 | Lair:4   | Identified the +9 flail "Genitat" {freeze, *Slow Int+5}
 19644 | Lair:4   | Learned a level 5 spell: Summon Mana Viper
 20147 | Lair:5   | Entered Level 5 of the Lair of Beasts
 20258 | Lair:5   | Reached skill level 1 in Translocations
 20288 | Lair:5   | Reached XP level 14. HP: 78/98 MP: 14/24
 20520 | Lair:5   | Noticed Zupieh's ghost (journeyman HuFi)
 20525 | Lair:5   | Found a bloodstained altar of Trog.
 20533 | Lair:5   | Found a transporter.
 20548 | Lair:5   | Found a transporter.
 21249 | Lair:5   | Learned a level 5 spell: Summon Forest
 21478 | Lair:5   | Found a staircase to the Slime Pits.
 21959 | Lair:5   | Reached skill level 5 in Translocations
 22100 | Lair:5   | Got the Monograph on the Combative Sun
 22313 | Lair:1   | Killed Nergalle
 22603 | D:9      | Killed Erolcha
 22753 | D:11     | Found a staircase to the Orcish Mines.
 22787 | D:11     | Reached XP level 15. HP: 103/103 MP: 20/27
 22912 | D:11     | Found a transporter.
 22912 | D:11     | Noticed kd29's ghost (journeyman OpSh)
 22951 | D:11     | Found a transporter.
 22960 | D:11     | Noticed Urug
 22980 | D:11     | Killed Urug
 23748 | D:12     | Found a transporter.
 23748 | D:12     | Found a transporter.
 23804 | D:12     | Noticed lunkers's ghost (journeyman MeSh)
 24454 | D:4      | Bought an Inescapable Atlas for 176 gold pieces
 24721 | D:13     | Found a gate leading to a gauntlet.
 24736 | Gauntlet | Entered a Gauntlet
 24736 | Gauntlet | Found a transporter.
 24745 | Gauntlet | Found a transporter.
 24746 | Gauntlet | Found a transporter.
 24747 | Gauntlet | Found a transporter.
 24750 | Gauntlet | Found a transporter.
 24751 | Gauntlet | Found a transporter.
 24759 | Gauntlet | Found a transporter.
 24778 | Gauntlet | Found the +11 Singing Sword {sonic wave}
 24790 | Gauntlet | Found a transporter.
 24790 | Gauntlet | Found a transporter.
 24793 | Gauntlet | Found a transporter.
 24823 | Gauntlet | Found a transporter.
 24856 | Gauntlet | Found a transporter.
 24955 | Gauntlet | Identified the amulet of Komefa Wuli {Acrobat Harm rN+}
 25045 | Gauntlet | Identified the ring "Hego" {rN+ Will+ MP+9 Int+3}
 25132 | Gauntlet | Identified the +6 battleaxe "Vaol" {venom, rN+ rCorr}
 25132 | Gauntlet | Identified the ring of Jaliymoq {*Corrode rF+ rC+ Will+}
 25198 | Gauntlet | Identified the +7 trident of Ciba Buseyr {drain, +Blink rC+
                  | rCorr}
 25206 | Gauntlet | Got Bugonay's Encyclopedia of Nonlocality
 25945 | D:13     | Found a gate to the Vaults.
 25993 | D:14     | Noticed Louise
 25994 | D:14     | Noticed Frances
 26094 | Orc:1    | Entered Level 1 of the Orcish Mines
 26140 | Orc:1    | Found a frozen archway.
 26203 | IceCv    | Entered an ice cave
 26213 | IceCv    | Found a transporter.
 26230 | IceCv    | Found a transporter.
 26333 | Orc:1    | Learned a level 2 spell: Blink
 26401 | Orc:1    | Found a runed translucent gate.
 26404 | Orc:1    | Noticed Columug's ghost (journeyman FoFi)
 26455 | Orc:1    | Found a bloodstained altar of Trog.
 26585 | Orc:1    | Found a runed translucent gate.
 26585 | Orc:1    | Found a runed translucent gate.
 26685 | Orc:1    | Killed Columug's ghost
 26750 | Orc:2    | Entered Level 2 of the Orcish Mines
 27528 | Orc:2    | Found Idius's General Store.
 27533 | Orc:2    | Bought a scroll of fog for 52 gold pieces
 27533 | Orc:2    | Bought 5 darts of dispersal for 58 gold pieces
 27540 | Orc:2    | Found Yblaishre's Weapon Boutique.
 28261 | Orc:2    | Reached XP level 16. HP: 111/111 MP: 29/29
 28389 | Orc:2    | Found a staircase to the Elven Halls.
 28485 | Orc:2    | Identified the +0 lajatang "Jidoed" {flame, rPois Will+
                  | Stlth+}
 28786 | Orc:2    | Found Hiwokkel's Antique Armour Emporium.
 28815 | Orc:2    | Gained mutation: You are somewhat inexperienced. (-1 XL)
                  | [Ru sacrifice]
 28815 | Orc:2    | Reached XP level 15. HP: 107/107 MP: 37/37
 28815 | Orc:2    | Reached **** piety under Ru
 28930 | Orc:2    | Found Teddec's General Store.
 29089 | Orc:2    | Bought an embroidered cloak for 232 gold pieces
 29089 | Orc:2    | Bought a pair of jewelled gloves for 294 gold pieces
 29089 | Orc:2    | Identified the +2 pair of gloves of the Depths {Int+6
                  | Dex-5} (You bought it in a shop on level 2 of the Orcish
                  | Mines)
 29142 | Orc:2    | Bought a scroll of fear for 72 gold pieces
 29142 | Orc:2    | Bought a potion of curing for 54 gold pieces
 29142 | Orc:2    | Bought a scroll of revelation for 135 gold pieces
 29144 | Orc:2    | Bought 4 darts of dispersal for 64 gold pieces
 29367 | D:14     | Killed Frances
 29368 | D:14     | Reached skill level 10 in Spellcasting
 29422 | D:14     | Killed Louise
 29722 | D:14     | Reached skill level 15 in Dodging
 29921 | D:14     | Reached XP level 16. HP: 118/118 MP: 30/30
 30335 | Snake:1  | Entered Level 1 of the Snake Pit
 30740 | Snake:1  | Found a transporter.
 31092 | Snake:1  | Found a transporter.
 31949 | Snake:2  | Noticed Vashnia
 31964 | Snake:2  | Killed Vashnia
 31965 | Snake:2  | Reached skill level 10 in Fighting
 32093 | Snake:2  | Learned a level 5 spell: Metabolic Englaciation
 32568 | Snake:2  | Identified the serpent talisman of Voenod {rF+++ rC- Int+5
                  | Dex+3}
 32568 | Snake:2  | Noticed Aizul
 32578 | Snake:2  | Noticed Kirke
 32587 | Snake:2  | Reached XP level 17. HP: 122/128 MP: 13/31
 32619 | Snake:2  | Killed Aizul
 32633 | Snake:2  | Killed Kirke
 32756 | Snake:2  | Got the Handbook of Lofty Frost
 33350 | Snake:2  | You fall into a shaft and drop 1 floor!
 33547 | Snake:3  | Gained mutation: You cannot be stealthy. [Ru sacrifice]
 33547 | Snake:3  | Reached ***** piety under Ru
 35430 | Snake:2  | Identified the +2 scale mail "Dausaw" {rElec rC+}
 35612 | Swamp:1  | Entered Level 1 of the Swamp
 35636 | Swamp:1  | Reached skill level 10 in Hexes
 35728 | Swamp:1  | Noticed Jorgrun
 35733 | Swamp:1  | Killed Jorgrun
 36323 | Swamp:2  | Noticed Donald
 36341 | Swamp:2  | Killed Donald
 36970 | Swamp:3  | Reached XP level 18. HP: 132/140 MP: 31/32
 37117 | Swamp:3  | Noticed Nikola
 37129 | Swamp:3  | Killed Nikola
 37180 | Swamp:3  | Found a runed translucent gate.
 37180 | Swamp:3  | Found a runed translucent gate.
 37180 | Swamp:3  | Found a runed translucent gate.
 37181 | Swamp:3  | Noticed kaesle's ghost (adept HOFi)
 37483 | Swamp:4  | Entered Level 4 of the Swamp
 37542 | Swamp:4  | Reached skill level 10 in Evocations
 37819 | Swamp:4  | Gained mutation: You cannot voluntarily change form. [Ru
                  | sacrifice]
 38816 | Swamp:4  | Reached skill level 1 in Air Magic
 39100 | Swamp:4  | Got a decaying rune of Zot
 39294 | Snake:4  | Entered Level 4 of the Snake Pit
 39872 | Snake:4  | Reached skill level 5 in Air Magic
 40745 | Snake:4  | Found Jereumy's Book Emporium.
 40746 | Snake:4  | Found Pipua's Jewellery Boutique.
 40747 | Snake:4  | Found Laiklal's Book Emporium.
 40846 | Snake:4  | Reached XP level 19. HP: 141/147 MP: 33/33
 41153 | Snake:4  | Got a serpentine rune of Zot
 41580 | D:12     | Killed lunkers's ghost
 41767 | Vaults:1 | Entered Level 1 of the Vaults
 41826 | Vaults:1 | Noticed Norris
 41842 | Vaults:1 | Killed Norris
 43448 | Vaults:1 | Gained mutation: Your cowardice makes you less effective in
                  | combat with threatening foes. [Ru sacrifice]
 43448 | Vaults:1 | Reached ****** piety under Ru
 43729 | Vaults:1 | Identified the +7 sling "Cenouhyro" {freeze, Fragile +Blink
                  | rN+++ Will-}
 44192 | Vaults:2 | Found a staircase to the Crypt.
 44276 | Vaults:2 | Found a huge runed gate.
 44276 | Vaults:2 | Found a huge runed gate.
 44276 | Vaults:2 | Found a huge runed gate.
 44282 | Vaults:2 | Found a huge runed gate.
 44284 | Vaults:2 | Found a huge runed gate.
 44285 | Vaults:2 | Found a huge runed gate.
 44286 | Vaults:2 | Found a huge runed gate.
 44307 | Vaults:2 | Found a huge runed gate.
 44308 | Vaults:2 | Found a huge runed gate.
 44308 | Vaults:2 | Found a huge runed gate.
 45425 | Vaults:2 | Found a huge runed gate.
 45425 | Vaults:2 | Found a huge runed gate.
 45425 | Vaults:2 | Found a huge runed gate.
 45425 | Vaults:2 | Found a huge runed gate.
 45425 | Vaults:2 | Found a huge runed gate.
 45425 | Vaults:2 | Found a huge runed gate.
 45426 | Vaults:2 | Found a huge runed gate.
 45427 | Vaults:2 | Found a huge runed gate.
 45428 | Vaults:2 | Found a huge runed gate.
 45436 | Vaults:2 | Found a huge runed gate.
 45436 | Vaults:2 | Found a huge runed gate.
 45436 | Vaults:2 | Found a huge runed gate.
 45436 | Vaults:2 | Found a huge runed gate.
 45436 | Vaults:2 | Found a huge runed gate.
 45436 | Vaults:2 | Found a huge runed gate.
 45437 | Vaults:2 | Found a huge runed gate.
 45438 | Vaults:2 | Found a huge runed gate.
 45439 | Vaults:2 | Found a huge runed gate.
 45447 | Vaults:2 | Found a huge runed gate.
 45447 | Vaults:2 | Found a huge runed gate.
 45447 | Vaults:2 | Found a huge runed gate.
 45447 | Vaults:2 | Found a huge runed gate.
 45447 | Vaults:2 | Found a huge runed gate.
 45447 | Vaults:2 | Found a huge runed gate.
 45448 | Vaults:2 | Found a huge runed gate.
 45449 | Vaults:2 | Found a huge runed gate.
 45800 | Vaults:3 | Paralysed by a formless jellyfish for 1 turns
 45804 | Vaults:3 | Reached XP level 20. HP: 131/153 MP: 34/34
 45824 | Vaults:3 | Reached skill level 10 in Translocations
 45922 | Vaults:3 | Noticed Boris
 45934 | Vaults:3 | Killed Boris
 46021 | Vaults:3 | Found a magical portal.
 46083 | WizLab   | Entered Alistair's Party Mansion
 46754 | WizLab   | Noticed a golden dragon
 46826 | WizLab   | Reached XP level 21. HP: 143/143 MP: 35/35
 46854 | WizLab   | Identified a scroll of acquirement
 47040 | Vaults:3 | Acquired a book of Hexes
 47621 | D:14     | Learned a level 7 spell: Malign Gateway
 47625 | D:14     | Learned a level 3 spell: Swiftness
 47970 | Vaults:3 | Paralysed by a formless jellyfish for 1 turns
 48819 | Vaults:3 | Found Dytudyss's Assorted Antiques.
 48840 | Vaults:3 | Found Lust's Distillery.
 48855 | Vaults:3 | Found Teylo's Book Emporium.
 49087 | Vaults:4 | Found Xexkay's Assorted Antiques.
 49140 | Vaults:4 | Found Midoz's Distillery.
 49151 | Vaults:4 | Bought 2 potions of haste for 320 gold pieces
 49412 | Vaults:4 | Found Etyos's Distillery.
 49421 | Vaults:4 | Bought a potion of heal wounds for 75 gold pieces
 49421 | Vaults:4 | Bought a potion of haste for 150 gold pieces
 49590 | Vaults:4 | Reached XP level 22. HP: 167/170 MP: 23/36
 50293 | Vaults:4 | Found Dazuhizi's General Store.
 50420 | Vaults:4 | Noticed Zenata
 50433 | Vaults:4 | Killed Zenata
 50717 | Vaults:4 | Found Joonn's Weapon Shoppe.
 50774 | Vaults:4 | Bought a potion of curing for 45 gold pieces
 50774 | Vaults:4 | Bought a potion of curing for 45 gold pieces
 50774 | Vaults:4 | Bought a potion of curing for 45 gold pieces
 50988 | D:15     | Entered Level 15 of the Dungeon
 51373 | D:15     | Noticed Rupert
 51378 | D:15     | Killed Rupert
 51868 | D:15     | Found a staircase to the Depths.
 51948 | D:15     | Found a runed translucent gate.
 51950 | D:15     | Found a runed translucent gate.
 51951 | D:15     | Found a runed translucent gate.
 51952 | D:15     | Noticed xnavy's ghost (adept DjAE)
 51979 | D:15     | Killed xnavy's ghost
 51990 | D:15     | Identified the amulet "Sihedae" {Spirit Str+4}
 52170 | D:11     | Killed kd29's ghost
 52178 | D:11     | Identified the ring "Seum" {rN++ Int+6 Slay+2 SInv}
 53126 | Swamp:3  | Killed kaesle's ghost
 53407 | Elf:1    | Entered Level 1 of the Elven Halls
 53482 | Elf:1    | Found Ostrippesh's Book Shop.
 53665 | Elf:1    | Learned a level 7 spell: Summon Hydra
 54203 | Elf:1    | Got Reash's Catalogue of Arcane Weapons
 54792 | Elf:2    | Found an ancient bone altar of Kikubaaqudgha.
 54794 | Elf:2    | Found Palom's Armour Shoppe.
 54966 | Elf:2    | Paralysed by an air elemental for 1 turns
 55068 | Elf:2    | Found a portal to a secret trove of treasure.
 55089 | Elf:2    | You paid a toll of 8 potions of haste to enter a treasure
                  | trove
 55090 | Trove    | Entered a treasure trove
 55092 | Trove    | Identified the +7 tower shield "Beuppuf" {Stlth+}
 55094 | Trove    | Identified the amulet of Yendor {Faith rElec}
 55096 | Trove    | Identified the amulet of Wisdom {Reflect rC- rN+ Str+3
                  | SH+5}
 55098 | Trove    | Identified the amulet "Reteg" {Acrobat -Cast Dex+4}
 55101 | Trove    | Identified the +1 kite shield of Ubbulic {Will+}
 55105 | Trove    | Identified the +0 hat "Funumip" {rElec Int+2}
 55106 | Trove    | Identified the +2 hat of Brilliance {rElec}
 55140 | Trove    | Identified the ring "Evvic" {Ice rElec Will- Str+2 Int+3}
 55153 | Trove    | Identified the ring "Zyturecw" {Fire rElec Str-2 Int+6
                  | Dex-5}
 55177 | Trove    | Identified the ring "Hoeptasy" {Fly rC+ SInv}
 55189 | Trove    | Identified the ring of Nucutzem {Drain Will+ Str+4 Dex+6}
 55440 | Elf:2    | Found a runed translucent gate.
 55441 | Elf:2    | Found a runed translucent gate.
 55441 | Elf:2    | Found a runed translucent gate.
 56477 | Elf:3    | Entered Level 3 of the Elven Halls
 57482 | Elf:3    | Identified the +3 halberd "Zuuqiuxt" {heavy, Drain Int+3}
 57525 | Elf:3    | Reached XP level 23. HP: 94/161 MP: 26/39
 57918 | Elf:3    | Identified the +6 fire dragon scales of Faynubop {rElec
                  | rF++ rC- Dex+5}
 57941 | Elf:3    | Identified the +3 scale mail of Xuope {rElec Str+3}
 58444 | Elf:3    | Got Hosieppa's Papyrus of the Assassin and Convocation
 59747 | Lair:5   | Killed Zupieh's ghost
 59954 | Snake:1  | Identified the ring of Free Expression {Will+ rCorr Int+2
                  | Dex-4}
 59968 | Snake:1  | Identified the ring of Omole {rPois Str-5 Dex+5}
 59971 | Snake:1  | Identified the scarf of Dishonour {repulsion, *Slow rElec
                  | rN+ Dex+3}
 59973 | Snake:1  | Identified the amulet "Itecetuf" {rF+ Regen+ Int+5}
 60301 | Crypt:1  | Entered Level 1 of the Crypt
 60302 | Crypt:1  | Noticed Boris
 60315 | Crypt:1  | Killed Boris
 60737 | Crypt:1  | Noticed Jory
 60750 | Crypt:1  | Identified the +3 leather armour of Yplut {rC++ rN+++
                  | Slay-5 SInv}
 60752 | Crypt:1  | Killed Jory
 61315 | Crypt:2  | Noticed Xtahua
 61324 | Crypt:2  | Killed Xtahua
 61505 | Crypt:2  | Found a runed translucent gate.
 61505 | Crypt:2  | Found a runed translucent gate.
 61505 | Crypt:2  | Found a runed translucent gate.
 61508 | Crypt:2  | Noticed Waukhla's ghost (veteran KoBr)
 61554 | Crypt:2  | Noticed Boris
 61572 | Crypt:2  | Killed Boris
 62218 | Crypt:2  | Killed Waukhla's ghost
 62311 | Crypt:2  | Identified the staff of Buanius {rPois rC+ Will+ Ice}
 62317 | Crypt:2  | Identified the +6 triple crossbow "Lyinta" {heavy, rF+ rC+
                  | Int-4 Dex+4}
 62340 | Crypt:3  | Entered Level 3 of the Crypt
 62688 | Crypt:3  | Reached XP level 24. HP: 171/185 MP: 28/40
 62823 | Crypt:3  | Identified the +1 short sword of Kacust {speed, Fragile
                  | rPois Str+6 SInv}
 62854 | Crypt:3  | Learned a level 8 spell: Summon Horrible Things
 63732 | Crypt:3  | Found a basalt altar of Yredelemnul.
 64200 | Crypt:3  | Found a staircase to the Tomb.
 64385 | Crypt:3  | Noticed a dread lich
 64402 | Crypt:3  | Killed a dread lich
 64403 | Crypt:3  | Reached skill level 15 in Spellcasting
 64446 | Crypt:3  | Learned a level 9 spell: Dragon's Call
 64559 | Crypt:3  | Found the +7 lajatang of Order {silver, rMut}
 64595 | Crypt:3  | Identified the +6 dagger "Tam Vogh" {vamp, *Noise Str+9
                  | Dex+5 Stlth+}
 65263 | Depths:1 | Entered Level 1 of the Depths
 65447 | Depths:1 | Found a hide-covered altar of Uskayaw.
 65504 | Depths:1 | Found a gateway to Hell.
 65719 | Depths:1 | Found Keaniaf's Book Shop.
 66014 | Depths:1 | Noticed Bai Suzhen
 66024 | Depths:1 | Killed Bai Suzhen
 66193 | Depths:1 | Identified the +12 quarterstaff "Beast's Bane" {drain,
                  | rPois Dex+4 Stlth+}
 66212 | Depths:2 | Noticed Boris
 66226 | Depths:2 | Reached skill level 1 in Shields
 66227 | Depths:2 | Killed Boris
 66483 | Depths:2 | Found a one-way gateway to a ziggurat.
 66598 | Depths:2 | Noticed a juggernaut
 66602 | Depths:2 | Killed a juggernaut
 66692 | Depths:2 | Found a transporter.
 66696 | Depths:2 | Found a radiant altar of Vehumet.
 67055 | Depths:2 | Found a one-way gate leading to the halls of Pandemonium.
 67791 | Depths:3 | Reached XP level 25. HP: 148/189 MP: 14/42
 67803 | Depths:3 | Reached skill level 5 in Shields
 67893 | Depths:3 | Reached skill level 27 in Dodging
 67971 | Depths:3 | Noticed a juggernaut
 67984 | Depths:3 | Killed a juggernaut
 68373 | Depths:3 | Found a one-way gate to the infinite horrors of the Abyss.
 68718 | Depths:3 | Identified the ring of Zoduonko {Int+5 Dex+6}
 68951 | Depths:3 | Got the Directory of the Salvo
 69070 | Depths:4 | Entered Level 4 of the Depths
 70366 | Depths:4 | Found a shadowy altar of Dithmenos.
 70758 | Depths:4 | Found a gate to the Realm of Zot.
 70969 | Depths:4 | Identified the orb "Xiom" {light, rCorr}
 71286 | Vaults:5 | Entered Level 5 of the Vaults
 71662 | Vaults:5 | Got a silver rune of Zot
 72108 | Vaults:5 | Reached XP level 26. HP: 198/198 MP: 42/43
 72247 | Vaults:5 | Noticed an ancient lich
 72256 | Vaults:5 | Killed an ancient lich
 72823 | Vaults:5 | Found Omucuap's Distillery.
 72827 | Vaults:5 | Bought a potion of magic for 152 gold pieces
 72835 | Vaults:5 | Found Xexav's Distillery.
 72835 | Vaults:5 | Identified the +0 robe of Lies {MP+9 Str+3}
 73586 | Vaults:5 | Noticed Mara
 73591 | Vaults:5 | Noticed Hi5aMiFi's illusion
 73601 | Vaults:5 | Killed Mara
 73796 | Vaults:5 | Identified the +1 spear "Doexkini" {heavy, Fly rF- rC+++}
 74097 | Vaults:5 | Bought a potion of curing for 57 gold pieces
 74097 | Vaults:5 | Bought a potion of ambrosia for 152 gold pieces
 74097 | Vaults:5 | Bought a potion of curing for 57 gold pieces
 74097 | Vaults:5 | Bought a potion of mutation for 152 gold pieces
 74097 | Vaults:5 | Bought a potion of curing for 57 gold pieces
 74097 | Vaults:5 | Bought 2 potions of mutation for 304 gold pieces
 74108 | Vaults:5 | Bought a potion of heal wounds for 90 gold pieces
 74108 | Vaults:5 | Bought a potion of heal wounds for 90 gold pieces
 74108 | Vaults:5 | Bought a potion of heal wounds for 90 gold pieces
 74108 | Vaults:5 | Bought a potion of heal wounds for 90 gold pieces
 74108 | Vaults:5 | Bought a potion of brilliance for 72 gold pieces
 74108 | Vaults:5 | Bought a potion of curing for 54 gold pieces
 74185 | Vaults:4 | Bought a scroll of fear for 44 gold pieces
 74222 | Vaults:3 | Bought a potion of brilliance for 76 gold pieces
 74222 | Vaults:3 | Bought a potion of resistance for 190 gold pieces
 74262 | Vaults:4 | Bought a potion of mutation for 120 gold pieces
 74289 | Vaults:4 | Bought a throwing net for 45 gold pieces
 74790 | Depths:2 | Found a transporter.
 76738 | Zot:1    | Entered Level 1 of the Realm of Zot
 76742 | Zot:1    | Learned a level 1 spell: Apportation
 76808 | Zot:1    | Reached skill level 27 in Summonings
 77716 | Zot:1    | Reached skill level 15 in Fighting
 77738 | Zot:1    | Learned a level 7 spell: Enfeeble
 79208 | Zot:2    | Found a shimmering altar of Xom.
 79208 | Zot:2    | Found a shimmering altar of Xom.
 79484 | Zot:2    | Found a glowing silver altar of Zin.
 79527 | Zot:2    | Found a shimmering altar of Xom.
 79527 | Zot:2    | Found a shimmering altar of Xom.
 79528 | Zot:2    | Found a shimmering altar of Xom.
 79528 | Zot:2    | Found a shimmering altar of Xom.
 79548 | Zot:2    | Found a shimmering altar of Xom.
 80255 | Zot:3    | Noticed an orb of fire
 80276 | Zot:3    | Killed an orb of fire
 80277 | Zot:3    | Reached skill level 15 in Hexes
 83287 | Zot:5    | Entered Level 5 of the Realm of Zot
 84146 | Zot:5    | Noticed a dread lich
 84161 | Zot:5    | Killed a dread lich
 84396 | Zot:5    | Noticed an orb of fire
 84408 | Zot:5    | Killed an orb of fire
 84591 | Zot:5    | Noticed an orb of fire
 84596 | Zot:5    | Killed an orb of fire
 85259 | Zot:5    | Noticed an orb of fire
 85263 | Zot:5    | Noticed an orb of fire
 85266 | Zot:5    | Killed an orb of fire
 85272 | Zot:5    | Killed an orb of fire
 85431 | Zot:5    | Noticed an ancient lich
 85439 | Zot:5    | Killed an ancient lich
 86030 | Zot:5    | Got the Orb of Zot
 86549 | D:$      | Escaped with the Orb!

Illustrated notes

Levels and vault maps discovered:
D:1:      dpeg_arrival_round_c, layout_basic, minmay_crystal_water
D:2:      layout_basic, ebering_ecumenical_altar_hall
D:3:      layout_basic, lightli_temple_of_fire, serial_shops,
          nicolae_shop_window_shopping
D:4:      layout_loops_ring, lemuel_round_altar, temple_fountains,
          enter_ossuary_1, nicolae_take_the_stairs
D:5:      layout_basic, nicolae_overflow_crystal_walls,
          mainiacjoe_overflow_cross_hatched, nicolae_overflow_hidden_temple,
          roderic_lattice_a, solitary_fountain, kennysheep_generic_room_14
D:6:      layout_gridville, gammafunk_ghost_icy
D:7:      minmay_the_grid_triangle_9x9_rhombus_full
          [minmay_the_grid_triangle_9x9_flanged_cone,
          minmay_the_grid_triangle_9x9_zippers_horizontal,
          minmay_the_grid_triangle_9x9_steps,
          minmay_the_grid_triangle_9x9_empty,
          minmay_the_grid_triangle_9x9_sparse_checkered,
          minmay_the_grid_triangle_9x9_cache,
          minmay_the_grid_triangle_9x9_impossible_snake,
          minmay_the_grid_triangle_9x9_prize_schism], layout_layer_cave,
          overflow_temple_1_default, uniq_maurice, uniq_duvessa, uniq_joseph
D:8:      layout_basic, fedhas_altar_fruit_tree, minivault_11, uniq_maggie,
          uniq_pikel, uniq_jeremiah
D:9:      layout_roguey, mainiacjoe_overflow_concentric_impassable,
          nicolae_wu_jian_wuxing_cycle, lair_entry_dummy, uniq_erica,
          uniq_erolcha, uniq_amaemon
D:10:     layout_rooms
D:11:     layout_rooms, minmay_orc_entry_temple_small,
          gammafunk_ghost_stat_death, uniq_urug
D:12:     layout_grid_maze, nzn_ghost_randoct
D:13:     layout_rooms, ximxim_vaults_locker_room, gauntlet_entry_generic,
          nicolae_splish_splash
D:14:     layout_rooms, serial_undead, serial_undead_d, serial_undead_a,
          serial_undead_e, serial_undead_a, serial_undead_c,
          hangedman_decor_slide_cut, uniq_frances, uniq_louise
D:15:     grunt_enter_depths_magical_seal, layout_loops_ring,
          gammafunk_ghost_spectres, uniq_rupert
Temple:   jpeg_temple_alley_garden
Lair:1:   layout_loops_ring, special_room [special_room_bee],
          serial_bayou_shore_b, uniq_nergalle, uniq_grum, uniq_gastronok
Lair:2:   layout_cave_pods, nicolae_swamp_entry_spooky,
          nzn_masters_of_martial_movement
Lair:3:   layout_concentric_octagons, minmay_snake_entry_guardpost_medium,
          serial_bayou_shore_b, serial_bayou_shore_b, grunt_megastairs_2
Lair:4:   layout_cave_pods
Lair:5:   evilmike_catoblepas_cave, layout_layer_cave,
          dpeg_slime_entry_enclosed, gammafunk_ghost_wrathful_warriors,
          hellmonk_talismancer, infiniplex_staircase_pool_2
Swamp:1:  layout_falls_marsh, evilmike_swamp_ruin_house_3, uniq_jorgrun
Swamp:2:  layout_falls_marsh, evilmike_swamp_ruin_house_1, uniq_donald
Swamp:3:  layout_falls_marsh, gammafunk_ghost_hydra_chop,
          evilmike_swamp_ruin_house_4, uniq_nikola
Swamp:4:  swamp_vile, layout_basic_swamp, swamp_pool_1_2,
          nicolae_swamp_bloodsuckers_inc
Snake:1:  gammafunk_its_a_trap, layout_misc_corridors,
          nicolae_snake_linked_coils, grunt_megastairs_3
Snake:2:  nicolae_snake_attic_fulla_snakes, layout_chambers,
          nicolae_twisty_statue_hallways, uniq_kirke, uniq_vashnia, uniq_aizul
Snake:3:  layout_chambers
Snake:4:  grunt_snake_rune_serpentine_throne, layout_cave_town,
          minmay_shop_grove
Orc:1:    layout_caves, gammafunk_ghost_split, basic_altar, portal_ice_cave_rime
Orc:2:    pubby_orc_utopia
Elf:1:    eino_elf_arrival_shootout, layout_onion_city, serial_shops, shop,
          minmay_elf_annihilation
Elf:2:    nicolae_elf_blades_crystal_corner, layout_loops_corners,
          nicolae_trove_entry_crystal, serial_shops,
          nicolae_shop_competitors_out_of_business, basic_altar
Elf:3:    elf_hall_gauntlet_narrow, layout_loops_cross, grunt_ministairs_2
Vaults:1: nicolae_vaults_lightning_bolt, nicolae_vaults_closet_pinwheel_1,
          st_cells, nicolae_vaults_sightless_eye, v_misc_2, v_misc_14,
          grunt_vaults_hallway_short, hangedman_vaults_stretched_pinwheel,
          nicolae_vaults_hexular_roomagon, nicolae_vaults_tetromino_T_2,
          nicolae_vaults_diamond_1, nicolae_vaults_double_plus_1,
          layout_vaults_quadrants, uniq_norris
Vaults:2: door_vault, vaults_room_octagon, minmay_crypt_entry_simple_plaza,
          nicolae_vaults_shelves_hall, nicolae_vaults_hexular_roomagon,
          vaults_room_grunt_arrival_checkpoint, nicolae_vaults_little_squares_3,
          nicolae_vaults_shelves_hall, hangedman_vaults_stream, v_misc_19,
          nicolae_vaults_yaktaur_gun_rack, nicolae_vaults_closet_pinwheel_1,
          nicolae_vaults_ring_of_whatevers, layout_vaults_ring
Vaults:3: mu_enter_wizlab_4, dpeg_vaults_monster_box, nicolae_vaults_six-pack,
          v_alt_pattern_5, nicolae_vaults_wine_cellar,
          nicolae_vaults_network_quincunx
          [nicolae_vaults_network_quincunx_subvault,
          nicolae_vaults_network_quincunx_subvault,
          nicolae_vaults_network_quincunx_subvault,
          nicolae_vaults_network_quincunx_subvault,
          nicolae_vaults_network_quincunx_subvault],
          nicolae_vaults_more_shelving_2, hangedman_vaults_hard_town_square,
          nicolae_vaults_trapezoid_layered, hangedman_vaults_stretched_pinwheel,
          nicolae_vaults_trapezoid_1, nicolae_vaults_offset_grid_hallway_3,
          nicolae_vaults_trapezoid_lopsided_2, vaults_room_stairs_pillars,
          layout_vaults_omnibox, uniq_boris
Vaults:4: v_rooms_1, nicolae_vaults_trapezoid_2,
          nicolae_vaults_little_squares_5, nicolae_vaults_little_squares_2,
          vaults_dpeg_ring, vaults_room_corners,
          nicolae_vaults_closet_pinwheel_1, nicolae_vaults_specimen_jars,
          layout_vaults_chaotic_city, serial_shops,
          nicolae_shop_getting_attention, shop, nicolae_shop_hallway_plus, shop,
          nicolae_shop_tiny_real_fake_doors, uniq_zenata
Vaults:5: serial_shops, uniq_mara
Crypt:1:  layout_rooms, st_stairs_5, uniq_jory
Crypt:2:  layout_gridlike, gammafunk_ghost_necromancy, minivault_24, uniq_xtahua
Crypt:3:  church_of_pain_bobbens, layout_chaotic_city, tomb_entry_shell_bobbens,
          serial_sigils_hangedman_writhe, grunt_ministairs_15
Depths:1: layout_basic, minmay_misc_feat_more_columns, hell_entry,
          chequers_serial_rivers_room_b, kennysheep_big_empty_room,
          nicolae_uskayaw_murder_on_the_dancefloor, minmay_shop_star,
          serial_bayou_shore_a, firewood_loft, uniq_bai_suzhen
Depths:2: gammafunk_sealed_library, layout_long_grid, enter_ziggurat_d,
          lightli_too_deep, rand_demon_pan_entry_7, minmay_starry_boxes
Depths:3: minmay_stepped, layout_cave_pools, minmay_room_of_horrors,
          kennysheep_minor_cross, pf_hell_entry_great_geh,
          infiniplex_staircase_pillars_1
Depths:4: grunt_zot_entry_tricorne, layout_basic, grunt_dithmenos_smoke,
          hell_entry, nicolae_abyss_entry_one_way_or_another
Zot:1:    layout_basic, hangedman_zot_diagonal_lockstep,
          hangedman_zot_decor_unnerving_road
Zot:2:    dreamdust_zin_vs_xom, layout_misc_corridors, grunt_megastairs_1
Zot:3:    layout_twisted_circle, regret_index_zotdec_gossamer_parallel,
          zot_minivault_1
Zot:4:    cheibrodos_zot_enchanting_chambers, layout_cathedral_of_symmetry
Zot:5:    layout_misc_corridors, st_stairs_14, nicolae_zot_crop_circle

Skill      XL: |  1  2  3  4  5  6  7  8  9 10 11 12 13 14 15 16 17 18 19 20 21 22 23 24 25 26 |
---------------+-------------------------------------------------------------------------------+-----
Ice Magic      | 5 6 7 8 10 | 10.0
Summonings     | 1 2 4 6 7 8 11 13 15 16 17 18 19 20 21 23 25 27 | 27.0
Polearms       | 1 6 9 11 13 14 | 14.5
Spellcasting   | 3 5 6 7 8 10 12 13 15 16 17 | 17.0
Hexes          | 5 7 10 17 | 17.0
Dodging        | 3 9 10 15 17 19 20 22 23 24 25 26 27 | 27.0
Fighting       | 5 8 10 12 14 18 | 18.2
Evocations     | 1 5 6 9 10 14 | 14.0
Translocations | 1 5 9 10 11 | 11.0
Stealth        | 0 |  0.0
Air Magic      | 6 |  6.3
Shields        | 4 5 |  5.0

Action                     |  1- 3 |  4- 6 |  7- 9 | 10-12 | 13-15 | 16-18 | 19-21 | 22-24 | 25-27 || total
---------------------------+-------+-------+-------+-------+-------+-------+-------+-------+-------++-------
  Melee: Spear             |       |     6 |       |       |       |       |       |       |       ||     6
         Trident           |       |    16 |    98 |   221 |   363 |    35 |    22 |       |     9 ||   764
         Short sword       |       |       |       |       |    11 |       |       |     1 |       ||    12
         Tailslap          |       |       |       |       |     2 |     8 |     3 |     5 |       ||    18
         Punch             |       |       |       |       |     2 |       |       |     1 |     1 ||     4
         Halberd           |       |       |       |       |    22 |       |   213 |   235 |    18 ||   488
         Staff             |       |       |       |       |     3 |     5 |       |     9 |       ||    17
         Lajatang          |       |       |       |       |       |    63 |       |       |     3 ||    66
         Quarterstaff      |       |       |       |       |       |       |       |     3 |    36 ||    39
   Fire: Sling             |    51 |    58 |       |       |       |       |       |       |       ||   109
  Throw: Stone             |       |     4 |     2 |       |       |       |       |       |       ||     6
         Javelin           |       |       |     3 |       |       |       |       |       |       ||     3
         Dart              |       |       |     2 |    13 |    18 |     8 |    12 |     2 |     5 ||    60
         Throwing net      |       |       |     2 |       |       |       |       |       |       ||     2
   Cast: Freeze            |    15 |    21 |     8 |       |       |       |       |       |       ||    44
         Frozen Ramparts   |       |    12 |    12 |     2 |       |       |       |       |       ||    26
         Ozocubu's Armour  |       |    10 |    12 |     2 |     2 |       |       |       |       ||    26
         Summon Small Mamm |       |     5 |    47 |    17 |    17 |    13 |     2 |       |       ||   101
         Call Canine Famil |       |     4 |    94 |   134 |   177 |   157 |    86 |     5 |     2 ||   659
         Summon Ice Beast  |       |       |    14 |    70 |   111 |    94 |    35 |     4 |       ||   328
         Summon Guardian G |       |       |     3 |    57 |    97 |     8 |       |       |       ||   165
         Summon Cactus Gia |       |       |       |       |    90 |   162 |    99 |   102 |       ||   453
         Summon Mana Viper |       |       |       |       |    64 |   197 |   137 |   214 |   209 ||   821
         Summon Forest     |       |       |       |       |    25 |    38 |    39 |    55 |    14 ||   171
         Metabolic Englaci |       |       |       |       |       |     4 |     2 |       |       ||     6
         Blink             |       |       |       |       |       |     1 |     2 |     2 |       ||     5
         Malign Gateway    |       |       |       |       |       |       |     2 |    68 |    50 ||   120
         Summon Hydra      |       |       |       |       |       |       |       |   200 |   271 ||   471
         Swiftness         |       |       |       |       |       |       |       |     3 |     2 ||     5
         Summon Horrible T |       |       |       |       |       |       |       |     8 |    27 ||    35
         Dragon's Call     |       |       |       |       |       |       |       |     1 |    36 ||    37
         Enfeeble          |       |       |       |       |       |       |       |       |     5 ||     5
         Apportation       |       |       |       |       |       |       |       |       |     2 ||     2
 Invoke: Sacrifice Purity  |       |       |       |     1 |       |       |       |       |       ||     1
         Sacrifice Arcana  |       |       |       |     1 |       |       |       |       |       ||     1
         Sacrifice Health  |       |       |       |       |     1 |       |       |       |       ||     1
         Draw Out Power    |       |       |       |       |     1 |     3 |     2 |       |     4 ||    10
         Sacrifice Experie |       |       |       |       |     1 |       |       |       |       ||     1
         Power Leap        |       |       |       |       |       |     3 |     2 |     4 |     9 ||    18
         Apocalypse        |       |       |       |       |       |     8 |     5 |    10 |     8 ||    31
         Sacrifice Stealth |       |       |       |       |       |     1 |       |       |       ||     1
         Sacrifice Forms   |       |       |       |       |       |     1 |       |       |       ||     1
         Sacrifice Courage |       |       |       |       |       |       |     1 |       |       ||     1
  Evoke: Wand              |       |       |       |     5 |    18 |    39 |     4 |     3 |    33 ||   102
         Phantom mirror    |       |       |       |       |     1 |     3 |     3 |     1 |     4 ||    12
         Sack of spiders   |       |       |       |       |     1 |     4 |     1 |     2 |       ||     8
         Phial of floods   |       |       |       |       |       |     1 |     1 |     1 |       ||     3
         Lightning rod     |       |       |       |       |       |     1 |       |     2 |       ||     3
    Use: Scroll            |     4 |    11 |    10 |    11 |    10 |    11 |     6 |     7 |    14 ||    84
         Potion            |       |     3 |    15 |     1 |     4 |    10 |     6 |     5 |    22 ||    66
   Stab: Sleeping          |       |       |     2 |     4 |     3 |       |       |       |       ||     9
         Distracted        |       |       |     2 |     3 |     9 |     3 |     6 |    20 |     6 ||    49
         Paralysed         |       |       |       |     8 |       |     3 |     4 |     1 |       ||    16
         Held in net/web   |       |       |       |       |     1 |       |       |       |       ||     1
         Invisible         |       |       |       |       |       |     1 |       |     1 |       ||     2
 Armour: Robe              |     6 |    31 |    70 |    59 |   117 |   117 |    91 |   104 |   101 ||   696
         Skin              |       |       |     2 |       |       |       |       |       |       ||     2
  Dodge: Dodged            |     8 |    42 |   136 |   150 |   199 |   217 |   110 |   210 |   220 ||  1292

Table legend: (Time is in decaauts)
 A = Elapsed time spent in this place.
 B = Non-inter-level travel time spent in this place.
 C = Inter-level travel time spent in this place.
 D = Time resting spent in this place.
 E = Time spent auto-exploring this place.
 F = Levels seen in this place.
 G = Mean time per level.
                   A        B        C        D        E       F      G
               +--------+--------+--------+--------+--------+-----+--------+
         Total |  85695 |  73433 |  12262 |  13168 |   5214 |  56 | 1530.3 |
       Dungeon |  22653 |  17904 |   4749 |   1797 |   1151 |  15 | 1510.2 |
        Temple |     67 |     48 |     19 |      0 |      0 |   1 |   67.0 |
          Lair |   8864 |   7055 |   1809 |    933 |    648 |   5 | 1772.8 |
         Swamp |   3357 |   3114 |    243 |    807 |    162 |   4 |  839.2 |
     Snake Pit |   7700 |   6838 |    862 |   1406 |    831 |   4 | 1925.0 |
  Orcish Mines |   3227 |   2743 |    484 |    325 |     75 |   2 | 1613.5 |
   Elven Halls |   5332 |   4862 |    470 |    927 |    440 |   3 | 1777.3 |
        Vaults |  11925 |  10108 |   1817 |   2345 |    854 |   5 | 2385.0 |
         Crypt |   4914 |   4458 |    456 |    927 |    249 |   3 | 1638.0 |
        Depths |   6657 |   5794 |    863 |   1095 |    265 |   4 | 1664.2 |
           Zot |   9303 |   8816 |    487 |   2426 |    538 |   5 | 1860.6 |
         Trove |    117 |    117 |      0 |      0 |      0 |   1 |  117.0 |
       Ossuary |     86 |     86 |      0 |      0 |      0 |   1 |   86.0 |
      Ice Cave |     71 |     71 |      0 |      0 |      0 |   1 |   71.0 |
        Wizlab |    930 |    930 |      0 |    142 |      0 |   1 |  930.0 |
      Gauntlet |    484 |    484 |      0 |     36 |      0 |   1 |  484.0 |
               +--------+--------+--------+--------+--------+-----+--------+

Top non-repeatable levels by time:
Vaults:1: 2988 daAuts
Vaults:5: 2841 daAuts
   Zot:5: 2661 daAuts
 Crypt:3: 2543 daAuts
   Orc:2: 2495 daAuts
     D:7: 2428 daAuts
     D:6: 2351 daAuts
 Snake:2: 2324 daAuts
   Elf:3: 2243 daAuts
Vaults:2: 2243 daAuts
  Lair:5: 2216 daAuts
Depths:4: 2079 daAuts
Depths:2: 2041 daAuts
    D:12: 2028 daAuts
Vaults:3: 1986 daAuts
